 Dungeon Crawl Stone Soup version 0.31.0-32-g396128a36d (webtiles) character file.

Game seed: 11228808715024379493

287 Eitelfritz the Chiller (level 6, 0/42 HPs)
             Began as a Demonspawn Ice Elementalist on Mar 23, 2024.
             Slain by a human skeleton (3 damage)
             ... on level 4 of the Dungeon.
             The game lasted 00:10:29 (3421 turns).

Eitelfritz the Chiller (DsIE)                       Turns: 3421, Time: 00:10:29

Health: 0/42       AC:  3    Str:  8    XL:     6   Next: 8%
Magic:  12/12      EV: 14    Int: 18    God:
Gold:   159        SH:  0    Dex: 13    Spells: 3/13 levels left

rFire   . . .        B - +2 quarterstaff (chaos)
rCold   . . .        (shield currently unavailable)
rNeg    . . .        e - +0 robe
rPois   +            (no helmet)
rElec   .            C - +0 cloak
rCorr   .            (no gloves)
SInv    .            (no boots)
Will    .....        (no amulet)
Stlth   ++           y - ring of poison resistance
HPRegen 0.27/turn    (no ring)
MPRegen 0.13/turn

%: no passive effects
@: no status effects
A: repulsion field 1, demonic touch 2
a: no special abilities


You were on level 4 of the Dungeon.
You visited 1 branch of the dungeon, and saw 4 of its levels.

You collected 159 gold pieces.

Inventory:

Hand Weapons
 a - a +0 short sword
 q - a +0 falchion
 B - a +2 quarterstaff of chaos (weapon)
 D - a +0 sling
Missiles
 h - 4 boomerangs
 o - 5 javelins
 v - 11 poisoned darts
Armour
 e - a +0 robe (worn)
 C - a +0 cloak (worn)
Jewellery
 k - a ring of flight
 y - a ring of poison resistance (left hand)
 E - a ring of resist corrosion
Wands
 s - a wand of flame (6)
 w - a wand of polymorph (7)
 x - a wand of mindburst (1)
Scrolls
 d - a scroll of enchant armour {unknown}
 f - a scroll of enchant weapon {unknown}
 i - 6 scrolls of identify {unknown}
 l - 2 scrolls of vulnerability {unknown}
 n - 3 scrolls of teleportation {unknown}
 t - a scroll of torment {unknown}
 u - a scroll of immolation {unknown}
Potions
 b - a potion of magic
 c - 2 potions of attraction {unknown}
 g - 4 potions of ambrosia {unknown}
 j - a potion of degeneration {unknown}
 m - a potion of resistance {unknown}
 p - a potion of cancellation {unknown}
 r - a potion of berserk rage {unknown}
 z - a potion of heal wounds {unknown}
 A - 2 potions of brilliance {unknown}


   Skills:
 + Level 0.9 Fighting
 + Level 0.6 Short Blades
 + Level 1.0 Staves
 + Level 2.2 Dodging
 + Level 2.3 Stealth
 + Level 4.1 Spellcasting
 + Level 4.8 Ice Magic


You had 3 spell levels left.
You knew the following spells:

 Your Spells              Type           Power      Damage    Failure   Level
a - Freeze                Ice            84%        1d9       1%          1
b - Frozen Ramparts       Ice            42%        1d7       6%          3
c - Ozocubu's Armour      Ice            21%        N/A       6%          3
d - Summon Ice Beast      Ice/Summ       12%        N/A       16%         3

Your spell library contained the following spells:

 Spells                   Type           Power      Damage    Failure   Level
 Call Canine Familiar     Summ           3%         N/A       41%         3
 Sigil of Binding         Hex            3%         N/A       41%         3
 Dimensional Bullseye     Hex/Tloc       1%         N/A       82%         4


Dungeon Overview and Level Annotations

Branches:
Dungeon (4/15)
 Temple: D:4-7

Altars:
Gozag
Ru

Shops:
D:2 *


Innate Abilities, Weirdness & Mutations

You are surrounded by a mild repulsion field. (EV +2)
Your touch may inflict irresistible damage on your foes.


Message History

The human skeleton closely misses you.
You hit the human skeleton.
The human skeleton is moderately damaged.
The human skeleton hits you.
You hit the human skeleton.
The human skeleton is heavily damaged.
The human skeleton barely misses you.
You sock the human skeleton!
The acid corrodes the human skeleton!
The human skeleton is severely damaged.
The human skeleton hits you!
* * * LOW HITPOINT WARNING * * *
You sock the human skeleton!
The human skeleton convulses!
You destroy the human skeleton!
Your Staves skill increases to level 1!
You have reached level 6!
You open the door.
There is an open door here.
You open the door.
An orc skeleton comes into view.
You hit the orc skeleton. You burn the orc skeleton.
The orc skeleton is heavily damaged.
The orc skeleton hits you but does no damage.
You barely miss the orc skeleton.
The orc skeleton is heavily damaged.
The orc skeleton closely misses you.
You hit the orc skeleton.
The orc skeleton is severely damaged.
The orc skeleton barely misses you.
You hit the orc skeleton.
You destroy the orc skeleton!
You hear the brisk hiss of an avalanche of sand.
You open the door.
There is an open door here.
You open the door.
A human skeleton comes into view.
There is an open door here.
You barely miss the human skeleton. The human skeleton hits you!
* * * LOW HITPOINT WARNING * * *
You barely miss the human skeleton. The human skeleton hits you.
You die...

#.##.# #.......#
####.##.#########.##
#.................#
#.##.############.#
###.##.# #.#
#......# #.##
###>#### #..#
######.# #########.#
#......# #Z@.#...'.#
######.#####
###'#'#####
#.....####.'...+
###......###...#
#.#.#### +...+ #.#.#
#+#+# ########.#.#
.........#.#
#.#####.##.#


You could see a human skeleton.

Vanquished Creatures
  Crazy Yiuf (D:2)
  2 hounds (D:4)
  Jessica (D:2)
  A human skeleton (D:4)
  Terence (D:2)
  An iguana (D:4)
  2 adders (D:2)
  A gnoll (D:1)
  A dart slug (D:2)
  3 ribbon worms
  4 bats
  14 endoplasms
  2 giant cockroaches (D:3)
  3 goblins
  3 hobgoblins
  5 jackals (D:1)
  8 kobolds
  2 quokkas (D:3)
  5 ball pythons
  3 frilled lizards
  An orc skeleton (D:4)
  4 rats
68 creatures vanquished.

Vanquished Creatures (others)
  An endoplasm zombie (D:4)
  A kobold (D:4)
2 creatures vanquished.

Grand Total: 70 creatures vanquished

Notes
Turn   | Place    | Note
-------+----------+-------------------------------------------
     0 | D:1      | Eitelfritz the Demonspawn Ice Elementalist began the quest
                  | for the Orb.
     0 | D:1      | Reached XP level 1. HP: 13/13 MP: 3/3
   226 | D:1      | Gained mutation: Your touch may inflict minor irresistible
                  | damage on your foes. [demonic ancestry]
   226 | D:1      | Reached XP level 2. HP: 14/19 MP: 0/5
   567 | D:1      | Gained mutation: You are surrounded by a mild repulsion
                  | field. (EV +2) [demonic ancestry]
   567 | D:1      | Reached XP level 3. HP: 20/24 MP: 0/6
  1007 | D:1      | Learned a level 3 spell: Frozen Ramparts
  1077 | D:2      | Found an opulent altar of Gozag.
  1090 | D:2      | Learned a level 3 spell: Ozocubu's Armour
  1094 | D:2      | Noticed Jessica
  1113 | D:2      | Killed Jessica
  1114 | D:2      | Reached XP level 4. HP: 24/30 MP: 4/8
  1173 | D:2      | Identified the +1 mace "Ultimatum" {protect, rF+ rC+ Str+2
                  | Int+2}
  1242 | D:2      | Noticed Terence
  1255 | D:2      | Killed Terence
  1444 | D:2      | Found Paurcheu's General Store.
  1628 | D:2      | Found a runed translucent door.
  1629 | D:2      | Noticed Crazy Yiuf
  2393 | D:3      | Gained mutation: Your touch may inflict irresistible damage
                  | on your foes. [demonic ancestry]
  2393 | D:3      | Reached XP level 5. HP: 36/36 MP: 7/10
  2659 | D:3      | Learned a level 3 spell: Summon Ice Beast
  2768 | D:3      | Found a sacrificial altar of Ru.
  2945 | D:2      | Killed Crazy Yiuf
  3403 | D:4      | Reached skill level 1 in Staves
  3403 | D:4      | Reached XP level 6. HP: 4/42 MP: 10/12
  3420 | D:4      | HP: 2/42 [human skeleton (7)]
  3421 | D:4      | Slain by a human skeleton

Illustrated notes

Levels and vault maps discovered:
D:1:      eino_arrival_cavern_c, layout_basic, minmay_3d_cube
D:2:      layout_basic, basic_altar, serial_shops, nicolae_shop_window_shopping,
          uniq_jessica, uniq_crazy_yiuf_cottage, uniq_terence
D:3:      minmay_angry_zag, layout_basic, mainiacjoe_overflow_six_doors_small
D:4:      layout_loops_ring, chequers_temple_overflow_minitemple,
          nicolae_ossuary_entry_catacombs

Skill      XL: |  1  2  3  4  5 |
---------------+----------------+-----
Ice Magic      | 4 |  4.8
Spellcasting   | 3 4 |  4.1
Dodging        | 2 |  2.2
Stealth        | 2 |  2.3
Staves         | 1 |  1.0
Fighting       | |  0.9
Short Blades   | |  0.6

Action                     |  1- 3 |  4- 6 || total
---------------------------+-------+-------++-------
  Melee: Unarmed           |     6 |       ||     6
         Short sword       |    19 |    34 ||    53
         Punch             |     1 |       ||     1
         Touch             |     3 |     5 ||     8
         Quarterstaff      |       |    31 ||    31
   Cast: Freeze            |    30 |    39 ||    69
         Frozen Ramparts   |       |     2 ||     2
   Stab: Sleeping          |     2 |     4 ||     6
 Armour: Robe              |    18 |    47 ||    65
  Dodge: Dodged            |    31 |    64 ||    95
